 Dungeon Crawl Stone Soup version 0.28-a0-983-g1de4e0787c (webtiles) character file.

Game seed: 2335114658173232887

53373 oldriver the Eclecticist (level 14, -1/91 (102) HPs)
             Began as a Grey Draconian Conjurer on Dec 3, 2021.
             Was a High Priest of Vehumet.
             Slain by an orc knight (19 damage)
             ... on level 2 of the Orcish Mines.
             The game lasted 01:04:15 (23376 turns).

oldriver the Eclecticist (Grey Draconian Conjurer) Turns: 23376, Time: 01:04:16

HP:   -1/91 (102)   AC: 16    Str: 11    XL:     14   Next: 30%
MP:   9/33          EV: 12    Int: 22    God:    Vehumet [*****.]
Gold: 2121          SH: 10    Dex: 10    Spells: 28/44 levels left

rFire   + . .      SeeInvis .   n - staff of poison
rCold   + . .      Faith    .   v - +1 kite shield of Fortification {rElec rC+ Regen+}
rNeg    . . .      Spirit   .   (armour unavailable)
rPois   +          Reflect  .   (helmet restricted)
rElec   +          Harm     .   L - scarf {repulsion}
rCorr   .          Rampage  .   s - +0 pair of gloves
Will    ++...                   o - +1 pair of boots
Stlth   ++........              E - amulet of regeneration
HPRegen 1.85/turn               q - ring of protection from fire
MPRegen 0.23/turn               K - ring of willpower

@: heavily drained, repel missiles
A: AC +13, amphibious, unfitting armour, cold-blooded
a: Renounce Religion


You were on level 2 of the Orcish Mines.
You worshipped Vehumet.
Vehumet was extremely pleased with you.
You visited 3 branches of the dungeon, and saw 17 of its levels.
You also visited: Ice Cave and Volcano.

You collected 2121 gold pieces.

Inventory:

Hand Weapons
 c - a +4 dagger
 r - the +8 trident "Epsij" {venom, Will+ rCorr Int-3 SInv}
   (You found it on level 4 of the Dungeon)

   It poisons the flesh of those it strikes.
   Int:       It affects your intelligence (-3).
   SInv:      It lets you see invisible.
   rCorr:     It protects you from acid and corrosion.
   Will:      It increases your willpower.
Missiles
 C - 4 throwing nets
Armour
 o - a +1 pair of boots (worn)
 s - a +0 pair of gloves (worn)
 v - the +1 kite shield of Fortification (worn) {rElec rC+ Regen+}
   (You acquired it on level 8 of the Dungeon)

   rC:        It protects you from cold.
   rElec:     It insulates you from electricity.
   Regen:     It increases your rate of health regeneration.
 L - a scarf of repulsion (worn)
Magical Staves
 a - a staff of conjuration
 n - a staff of poison (weapon)
 y - a staff of fire
Jewellery
 q - a ring of protection from fire (left hand)
 t - a +6 ring of strength
 B - a +6 ring of dexterity
 E - an amulet of regeneration (around neck)
 K - a ring of willpower (right hand)
 M - a ring of see invisible
 S - a ring of magical power
Wands
 d - a wand of flame (23)
 e - a wand of mindburst (17)
 j - a wand of paralysis (26)
 I - a wand of iceblast (10)
 N - a wand of digging (3)
Scrolls
 b - a scroll of enchant armour
 f - 2 scrolls of noise
 g - 3 scrolls of identify
 h - 2 scrolls of amnesia
 w - 2 scrolls of enchant weapon
 A - a scroll of immolation
 D - a scroll of silence
 F - 3 scrolls of teleportation
 R - 2 scrolls of blinking {unknown}
Potions
 i - 5 potions of haste
 k - 3 potions of mutation
 l - a potion of ambrosia
 m - a potion of flight
 p - 3 potions of might
 u - 4 potions of brilliance
 x - a potion of cancellation
 z - a potion of degeneration
 G - 4 potions of heal wounds
 H - a potion of lignification
 J - 2 potions of resistance
 O - a potion of curing
 P - a potion of magic
 Q - a potion of invisibility


   Skills:
 + Level 3.3 Fighting
 + Level 1.0 Staves
 + Level 5.5 Dodging
 + Level 3.5 Stealth
 + Level 7.2 Shields
 + Level 0.8 Unarmed Combat
 * Level 15.5 Spellcasting
 + Level 11.9 Conjurations
 + Level 2.9 Translocations
 * Level 6.3 Fire Magic
 + Level 5.4 Earth Magic


You had 28 spell levels left.
You knew the following spells:

 Your Spells              Type           Power      Damage    Failure   Level
a - Magic Dart            Conj           100%       1d8       1%          1
b - Searing Ray           Conj           100%       2d8       1%          2
c - Iskenderun's Mystic   Conj/Tloc      49%        2d11      1%          4
d - Fulminant Prism       Conj/Hex       21%        3d13      2%          4
e - Fireball              Conj/Fire      27%        3d12      1%          5

Your spell library contained the following spells:

 Spells                   Type           Power      Damage    Failure   Level
 Lightning Bolt           Conj/Air       21%        1d36      6%          5
 Foxfire                  Conj/Fire      100%       2x1d9     1%          1
 Dazzling Flash           Conj/Hex       86%        N/A       1%          3
 Sticky Flame             Conj/Fire      55%        2d7       1%          4
 Apportation              Tloc           60%        N/A       2%          1
 Animate Skeleton         Necr           34%        N/A       10%         1
 Summon Small Mammal      Summ           68%        N/A       10%         1
 Iron Shot                Conj/Erth      26%        9d6       11%         6
 Sublimation of Blood     Necr           17%        N/A       14%         2
 Wereblood                Tmut           17%        N/A       14%         2
 Portal Projectile        Hex/Tloc       46%        N/A       16%         3
 Blade Hands              Tmut           8%         N/A       95%         5
 Excruciating Wounds      Necr           8%         N/A       95%         5
 Summon Hydra             Summ           8%         N/A       100%        7
 Infestation              Necr           8%         N/A       100%        8


Dungeon Overview and Level Annotations

Branches:
Dungeon (12/15)            Temple (0/1) D:7            Lair (3/6) D:11
  Swamp (0/4) Lair:3        Snake (0/4) Lair:2          Orc (2/2) D:10
  IceCv (visited)         Volcano (visited)
    Elf: Orc:2

Altars:
Hepliaklqana
Makhleb
Qazlal
Ru
Uskayaw
Vehumet
The Shining One
Beogh

Annotations:
D:8 1 runed translucent door, bearlyready's ghost, journeyman DEFE


Innate Abilities, Weirdness & Mutations

Your dull iron-grey scales are very hard. (AC +13)
You are amphibious.
You cannot fit into any form of body armour.
You are cold-blooded and may be slowed by cold attacks.


Message History

The wraith is knocked back by the mystic blast.
The mystic blast hits the orc warrior!
The orc warrior is almost dead.
The orc warrior is knocked back by the mystic blast.
The mystic blast hits the orc warrior!
The orc warrior is severely wounded.
The orc warrior is knocked back by the mystic blast.
The mystic blast hits the orc warlord but does no damage.
The mystic blast hits the orc knight.
The orc knight is lightly wounded.
The orc knight is knocked back by the mystic blast.
The orc knight slams into the rock wall!
The mystic blast hits Josephine!
Josephine is almost dead.
Josephine is knocked back by the mystic blast.
Casting: Iskenderun's Mystic Blast (mildly dangerous; 1% risk of failure)
Confirm with . or Enter, or press ? or * to list all spells.
Aiming: Fireball (dangerous; 1% risk of failure)
Press: ? - help, Shift-Dir - straight line, f/p - Josephine
Aim: Josephine, wielding a +0 dagger and wearing a +2 robe of fire resistance (almost dead)
The fireball explodes!
The fireball engulfs Josephine!
Josephine resists.
Josephine is almost dead.
Josephine gestures at you while chanting.
The ghostly flame explodes!
The ghostly fireball engulfs you!!
You feel drained.
The orc warlord hits you from afar with a +0 halberd.
The orc knight hits you from afar with a +0 halberd!
Casting: Fireball (dangerous; 1% risk of failure)
Confirm with . or Enter, or press ? or * to list all spells.
Aiming: Fireball (dangerous; 1% risk of failure)
Press: ? - help, Shift-Dir - straight line, f/p - Josephine
Aim: Josephine, wielding a +0 dagger and wearing a +2 robe of fire resistance (almost dead)
The fireball explodes!
The fireball engulfs Josephine!
Josephine resists.
You kill Josephine!
Vehumet accepts your kill.
You feel your power returning.
The orc warlord hits you from afar with a +0 halberd!
* * * LOW HITPOINT WARNING * * *
The orc knight hits you from afar with a +0 halberd!!
You die...

#.........####
###.........#..##
#.##..h.........##
#......###[......##
##..O...# #.....)..##
........##.##[......##
....h..##.. #........#
...o.....#.##..[....##
........##.#..oW@[.##
##...........Wo..)##
###..........[oo###
####......[)###
#.......)# ###.....)##
#.#...[.).###
####..........###
##...)...#o...##.##


You could see an orc warlord, an orc knight (strong), 2 wraiths and 2 orc
warriors.

Vanquished Creatures
  Jorgrun (Orc:2)
  Josephine (Orc:2)
  Harold (D:9)
  A hydra (Lair:2)
  An ogre mage (D:10)
  A boulder beetle (D:11)
  4 two-headed ogres
  An orc high priest (Orc:1)
  A hell hog (Volcano)
  A bog body (Lair:2)
  An orc knight (Orc:1)
  3 cyclopes
  An orc sorcerer (Orc:1)
  3 salamanders (Volcano)
  An ugly thing (IceCv)
  A torpor snail (Lair:2)
  2 black mambas (Lair:2)
  4 elephants
  3 cane toads (Lair:2)
  3 ice statues (IceCv)
  A kobold demonologist (D:11)
  2 komodo dragons (Lair:2)
  2 rime drakes (Lair:2)
  2 ice devils (Lair:2)
  2 freezing wraiths
  6 trolls
  2 anaconda simulacra
  A polar bear (Lair:2)
  12 blink frogs
  Grinder (D:3)
  A hornet (Lair:2)
  11 yaks
  2 wraiths (Orc:2)
  A fire bat (Volcano)
  A fire elemental (Orc:2)
  A death yak simulacrum (IceCv)
  4 basilisks
  2 steam dragons (D:7)
  Menkaure (D:5)
  3 nagas (Lair:2)
  5 wargs
  A swamp worm (Lair:3)
  A harpy simulacrum (IceCv)
  An acid dragon (D:10)
  9 water moccasins
  2 hell hounds
  17 orc warriors
  A hornet zombie (D:9)
  A sky beast (D:7)
  2 ice beasts
  3 necrophages (D:6)
  3 black bears
  6 ogres
  2 centaurs
  A kobold brigand (D:8)
  4 bullfrogs
  4 scorpions
  A wyvern zombie (D:7)
  2 elephant simulacra (IceCv)
  13 wights
  3 howler monkeys
  7 centaur zombies
  4 jellies
  2 centaur skeletons
  14 orc priests
  A bullfrog skeleton (D:6)
  Crazy Yiuf (D:4)
  Terence (D:1)
  2 polar bear simulacra
  13 orc wizards
  2 troll simulacra (Lair:2)
  2 wolf simulacra
  3 killer bee zombies
  2 howler monkey zombies (D:8)
  7 adders
  2 naga simulacra (Lair:2)
  4 white imps
  2 ufetubi (D:5)
  3 adder skeletons
  A worm (D:3)
  5 dart slugs
  47 orcs
  7 bats
  6 endoplasms
  A giant cockroach (D:4)
  6 goblins
  5 hobgoblins
  3 jackals (D:2)
  7 kobolds
  4 quokkas
  6 ball pythons
  3 frilled lizards (D:1)
  5 rats
  A bush (D:9)
  2 fulminant prisms
356 creatures vanquished.

Vanquished Creatures (collateral kills)
  A hornet (D:7)
1 creature vanquished.

Vanquished Creatures (others)
  4 fulminant prisms
  15 fungi
  19 plants
38 creatures vanquished.

Grand Total: 395 creatures vanquished

Notes
Turn   | Place    | Note
-------+----------+-------------------------------------------
     0 | D:1      | oldriver the Draconian Conjurer began the quest for the
                  | Orb.
     0 | D:1      | Reached XP level 1. HP: 14/14 MP: 3/3
   336 | D:1      | Reached XP level 2. HP: 20/20 MP: 3/5
   529 | D:1      | Reached skill level 3 in Spellcasting
  1502 | D:2      | Reached XP level 3. HP: 26/26 MP: 0/7
  1932 | D:2      | Noticed Terence
  2076 | D:1      | Killed Terence
  2077 | D:1      | Reached skill level 4 in Spellcasting
  2077 | D:1      | Reached XP level 4. HP: 7/33 MP: 1/10
  2455 | D:2      | Learned a level 2 spell: Searing Ray
  2681 | D:2      | Found a faded altar of an unknown god.
  2853 | D:3      | Found a sacrificial altar of Ru.
  2972 | D:3      | Noticed Grinder
  3168 | D:3      | Paralysed by Grinder for 5 turns
  3183 | D:3      | Killed Grinder
  3184 | D:3      | Reached skill level 5 in Spellcasting
  3184 | D:3      | Reached XP level 5. HP: 10/38 MP: 0/13
  3184 | D:3      | Reached XP level 6. HP: 12/45 MP: 0/14
  3599 | D:3      | Learned a level 4 spell: Iskenderun's Mystic Blast
  4189 | D:4      | Identified the +8 trident "Epsij" {venom, Will+ rCorr Int-3
                  | SInv}
  4195 | D:4      | Found a radiant altar of Vehumet.
  4305 | D:4      | Became a worshipper of Vehumet
  4382 | D:4      | Reached skill level 6 in Spellcasting
  4618 | D:4      | Found a runed translucent door.
  4619 | D:4      | Noticed Crazy Yiuf
  4720 | D:4      | Killed Crazy Yiuf
  4785 | D:5      | Entered Level 5 of the Dungeon
  4809 | D:5      | Found a stormy altar of Qazlal.
  4952 | D:5      | Found a hazy altar of Hepliaklqana.
  5280 | D:5      | Noticed a water moccasin
  5291 | D:5      | Killed a water moccasin
  5292 | D:5      | Your scales start taking on a dull iron-grey colour.
  5292 | D:5      | Reached XP level 7. HP: 51/51 MP: 7/17
  5365 | D:5      | Reached skill level 7 in Spellcasting
  5990 | D:5      | Reached skill level 5 in Conjurations
  6129 | D:5      | Reached XP level 8. HP: 58/58 MP: 12/19
  6369 | D:6      | Noticed Menkaure
  6374 | D:6      | Reached * piety under Vehumet
  6374 | D:6      | Offered knowledge of Freeze by Vehumet.
  6375 | D:6      | Reached skill level 8 in Spellcasting
  6389 | D:5      | Killed Menkaure
  6907 | D:6      | Reached skill level 9 in Spellcasting
  7119 | D:6      | Found a hide-covered altar of Uskayaw.
  7413 | D:7      | Reached XP level 9. HP: 63/63 MP: 14/22
  7421 | D:7      | Identified 2 scrolls of acquirement
  7421 | D:7      | Acquired a staff of conjuration
  7423 | D:7      | Acquired 984 gold pieces
  7925 | D:7      | Found a staircase to the Ecumenical Temple.
  8101 | D:7      | Reached skill level 10 in Spellcasting
  8415 | D:8      | Reached ** piety under Vehumet
  8423 | D:8      | Offered knowledge of Static Discharge by Vehumet.
  8430 | D:8      | Reached skill level 1 in Fighting
  8851 | D:8      | Paralysed by a hornet for 1 turns
  8854 | D:8      | Paralysed by a hornet for 1 turns
  8859 | D:7      | Paralysed by a hornet for 1 turns
  8947 | D:7      | Reached skill level 11 in Spellcasting
  9350 | D:8      | Reached XP level 10. HP: 72/72 MP: 12/25
  9556 | D:8      | Found a runed translucent door.
  9556 | D:8      | Noticed bearlyready's ghost (journeyman DEFE)
  9728 | D:8      | Acquired the +1 kite shield of Fortification {rElec rC+
                  | Regen+}
  9825 | D:9      | Noticed Harold
  9866 | D:9      | Killed Harold
  9867 | D:9      | Reached skill level 1 in Shields
 10147 | D:9      | Found a glowing golden altar of the Shining One.
 10219 | D:9      | Offered knowledge of Ignite Poison by Vehumet.
 10616 | D:9      | Reached *** piety under Vehumet
 11166 | D:10     | Entered Level 10 of the Dungeon
 11394 | D:10     | Found a staircase to the Orcish Mines.
 11543 | D:10     | Reached skill level 12 in Spellcasting
 12176 | D:10     | Got the Catalogue of the Zebra
 12284 | D:11     | Noticed a two-headed ogre
 12380 | D:11     | Offered knowledge of Olgreb's Toxic Radiance by Vehumet.
 12667 | D:11     | Noticed an ogre mage
 12673 | D:11     | Noticed a two-headed ogre
 12674 | D:11     | Noticed a two-headed ogre
 12675 | D:11     | Paralysed by an ogre mage for 2 turns
 12682 | D:10     | Killed an ogre mage
 12683 | D:10     | Reached skill level 1 in Translocations
 12683 | D:10     | Reached XP level 11. HP: 77/79 MP: 9/27
 12991 | D:11     | Found a staircase to the Lair.
 13012 | D:11     | Killed a two-headed ogre
 13461 | D:11     | Noticed a boulder beetle
 13532 | Lair:1   | Entered Level 1 of the Lair of Beasts
 13545 | Lair:1   | Found a dark tunnel.
 13551 | Volcano  | Entered a volcano
 13631 | Volcano  | Noticed a hell hog
 13631 | Volcano  | Noticed a two-headed ogre
 13631 | Volcano  | Noticed a two-headed ogre
 13808 | Volcano  | Killed a hell hog
 13809 | Volcano  | Reached skill level 13 in Spellcasting
 14380 | Volcano  | Killed a two-headed ogre
 14381 | Volcano  | Reached skill level 5 in Shields
 14381 | Volcano  | Reached skill level 10 in Conjurations
 15294 | Volcano  | Learned a level 4 spell: Fulminant Prism
 15429 | Volcano  | Killed a two-headed ogre
 15906 | Lair:1   | Identified the +5 rapier "Lipraom" {vorpal, *Noise Will+
                  | rCorr Str+6}
 16006 | Lair:1   | Reached XP level 12. HP: 85/88 MP: 11/29
 16956 | Lair:2   | Reached **** piety under Vehumet
 17124 | Lair:2   | Noticed a four-headed hydra
 17136 | Lair:2   | Killed a four-headed hydra
 17137 | Lair:2   | Reached skill level 1 in Staves
 17137 | Lair:2   | Reached skill level 14 in Spellcasting
 17238 | Lair:2   | Offered knowledge of Fireball by Vehumet.
 17245 | Lair:2   | Learned a level 5 spell: Fireball
 17364 | Lair:2   | Found a staircase to the Snake Pit.
 17853 | Lair:2   | Reached skill level 1 in Fire Magic
 18028 | Lair:2   | Reached skill level 5 in Dodging
 19965 | Lair:3   | Found a frozen archway.
 19975 | IceCv    | Entered an ice cave
 20961 | IceCv    | Reached skill level 15 in Spellcasting
 21162 | Lair:3   | Reached skill level 5 in Fire Magic
 21162 | Lair:3   | Reached skill level 5 in Earth Magic
 21162 | Lair:3   | Reached XP level 13. HP: 93/93 MP: 32/32
 21390 | Lair:3   | Reached XP level 14. HP: 102/102 MP: 9/33
 22133 | Orc:1    | Entered Level 1 of the Orcish Mines
 22139 | Orc:1    | You fall into a shaft and drop 1 floor!
 22139 | Orc:2    | Entered Level 2 of the Orcish Mines
 22253 | Orc:2    | Noticed Jorgrun
 22310 | Orc:1    | Found a burning altar of Makhleb.
 22528 | Orc:1    | Reached ***** piety under Vehumet
 22528 | Orc:1    | Offered knowledge of Lightning Bolt by Vehumet.
 22838 | Orc:2    | Killed Jorgrun
 22844 | Orc:2    | Noticed an orc warlord
 23111 | Orc:2    | Noticed Josephine
 23376 | Orc:2    | Killed Josephine
 23376 | Orc:2    | Slain by an orc knight

Illustrated notes

Levels and vault maps discovered:
D:1:      lightli_arrival_lavapool, layout_basic, minmay_indecisive_spiral
D:2:      layout_loops_cross, shapermc_ecumenical_altar_hornbeckon, uniq_terence
D:3:      layout_loops_ring, nicolae_ru_awakened_eye, uniq_grinder
D:4:      layout_rooms, fiery_altar_vehumet, uniq_crazy_yiuf_cottage
D:5:      minmay_chambers_of_fours, layout_cave_pods, overflow_temple_1_default,
          nicolae_hepliaklqana_hazy_memory
D:6:      layout_basic, nicolae_uskayaw_suspiria, uniq_menkaure
D:7:      wander_river, layout_basic, minmay_temple_entry_proselytizer,
          amcnicky_mini_pool_small, kennysheep_generic_room_4
D:8:      layout_rooms, ebering_ghost_inner_flame, nrook_loot_triangle,
          minmay_fractal_squares_5
D:9:      layout_loops_ring, lemuel_tele_altar, minmay_hedge_maze,
          kennysheep_generic_room_6, uniq_harold
D:10:     layout_basic, minmay_orc_entry_temple_small, minivault_24
D:11:     layout_roguey, erik_lair_orcish_takeover
D:12:     layout_long_grid, uniq_urug
Lair:1:   layout_loops_ring, nicolae_volcano_entry_hallway,
          chequers_serial_rivers_micro_c
Lair:2:   dreamdust_isle_of_ice, layout_regular_city,
          minmay_snake_entry_guardpost_small, hangedman_lair_generics_rect
Lair:3:   regret_index_harrowing_hell_hive, layout_cave_shapes,
          minmay_swamp_entry_worms, portal_ice_cave_entry_pillars_2,
          worms_lemuel
Orc:1:    layout_caves, serial_shops, shop, basic_altar, guppyfry_orc_lava_fort
Orc:2:    grunt_orc_cross, layout_diamond_mine, uniq_josephine, uniq_jorgrun,
          uniq_azrael

Skill      XL: |  1  2  3  4  5  6  7  8  9 10 11 12 13 14 |
---------------+-------------------------------------------+-----
Spellcasting   | 3 4 5 6 7 9 11 12 13 15 | 15.5
Stealth        | 2 3 |  3.5
Dodging        | 2 4 5 |  5.5
Conjurations   | 5 6 7 9 10 11 | 11.9
Fighting       | 1 2 3 |  3.3
Shields        | 3 6 7 |  7.2
Translocations | 1 2 |  2.9
Staves         | 1 |  1.0
Fire Magic     | 5 6 |  6.3
Earth Magic    | 5 |  5.4
Unarmed Combat | |  0.8

Action                   |  1- 3 |  4- 6 |  7- 9 | 10-12 | 13-15 || total
-------------------------+-------+-------+-------+-------+-------++-------
Melee: Unarmed           |    16 |       |       |       |       ||    16
       Tailslap          |     2 |     1 |     1 |     4 |       ||     8
       Dagger            |       |     6 |       |       |       ||     6
       Staff             |       |     2 |     3 |    36 |     8 ||    49
 Cast: Magic Dart        |    84 |   130 |   189 |   409 |    43 ||   855
       Searing Ray       |       |     3 |    49 |   191 |    26 ||   269
       Iskenderun's Myst |       |       |     8 |    96 |    43 ||   147
       Fulminant Prism   |       |       |       |     6 |       ||     6
       Fireball          |       |       |       |    24 |    42 ||    66
  Use: Potion            |     3 |     2 |     4 |     1 |     1 ||    11
       Scroll            |       |       |    14 |    13 |     3 ||    30
Armor: Skin              |     7 |    12 |    50 |   178 |    32 ||   279
Dodge: Dodged            |    31 |    16 |    68 |   275 |    36 ||   426
       Repelled          |       |       |       |    11 |     4 ||    15
Block: Kite shield       |       |       |       |   273 |    43 ||   316

Table legend: (Time is in decaauts)
 A = Elapsed time spent in this place.
 B = Non-inter-level travel time spent in this place.
 C = Inter-level travel time spent in this place.
 D = Time resting spent in this place.
 E = Time spent auto-exploring this place.
 F = Levels seen in this place.
 G = Mean time per level.
                   A        B        C        D        E       F      G
               +--------+--------+--------+--------+--------+-----+--------+
         Total |  23459 |  22623 |    836 |   7184 |  10518 |  19 | 1234.7 |
       Dungeon |  14244 |  13741 |    503 |   3245 |   8164 |  12 | 1187.0 |
          Lair |   4727 |   4416 |    311 |   1604 |   1836 |   3 | 1575.7 |
  Orcish Mines |   1250 |   1229 |     21 |    745 |    152 |   2 |  625.0 |
      Ice Cave |   1195 |   1195 |      0 |    867 |     58 |   1 | 1195.0 |
       Volcano |   2041 |   2041 |      0 |    723 |    308 |   1 | 2041.0 |
               +--------+--------+--------+--------+--------+-----+--------+

Top non-repeatable levels by time:
  Lair:2: 2799 daAuts
 Volcano: 2041 daAuts
     D:1: 1840 daAuts
    D:11: 1833 daAuts
  Lair:1: 1773 daAuts
     D:5: 1665 daAuts
     D:9: 1405 daAuts
     D:7: 1271 daAuts
     D:3: 1239 daAuts
   IceCv: 1195 daAuts
    D:10: 1190 daAuts
     D:8: 1097 daAuts
   Orc:1: 1019 daAuts
     D:6: 968 daAuts
     D:2: 943 daAuts
